 Dungeon Crawl Stone Soup version 0.29.0-4-gdea44cf6ec (webtiles) character file.

Game seed: 15784492688870440597

312 qw the Chopper (level 6, -2/35 HPs)
             Began as a Tengu Warper on Aug 28, 2022.
             Slain by an orc wizard
             ... wielding a +0 dagger of venom
              (3 damage)
             ... on level 4 of the Dungeon.
             The game lasted 00:00:25 (4107 turns).

qw the Chopper (Tengu Warper)                       Turns: 4107, Time: 00:00:25

Health: -2/35      AC: 10    Str: 11 (13) XL:     6   Next: 42%
Magic:  10/10      EV:  6    Int: 11 (14) God:
Gold:   67         SH:  0    Dex: 14 (17) Spells: 9/9 levels left

rFire   . . .      SeeInvis .   Y - +0 war axe
rCold   . . .      Faith    .   (no shield)
rNeg    . . .      Spirit   .   g - +0 chain mail
rPois   .          Reflect  .   (helmet restricted)
rElec   .          Harm     .   (no cloak)
rCorr   .          Rampage  .   (no gloves)
Will    .....                   (boots unavailable)
Stlth   ..........              (no amulet)
HPRegen 0.11/turn               d - +4 ring of dexterity
MPRegen 0.12/turn               (no ring)

@: lethally poisoned (-2 -> -25), flying quickly and evasively, quick
A: beak, talons 3, nimble flight, iridescent scales 1, mutation resistance 1
a: no special abilities


You were on level 4 of the Dungeon.
You visited 1 branch of the dungeon, and saw 4 of its levels.

You collected 232 gold pieces.
You spent 165 gold pieces at shops.


Innate Abilities, Weirdness & Mutations

You have a beak for a mouth.
You have claws for feet.
Your magical nature lets you fly swiftly and evasively.
You are partially covered in iridescent scales. (AC +2)
You are somewhat resistant to further mutation.


   Skills:
 - Level 2.0 Fighting
 + Level 6.9 Axes
 - Level 1.0 Throwing
 - Level 2.2 Armour
 - Level 2.1 Dodging
 - Level 2.0 Spellcasting
 - Level 2.4 Translocations


You had 9 spell levels left.
You didn't know any spells.
Your spell library contained the following spells:

 Spells                   Type           Power      Damage    Failure   Level
 Blink                    Tloc           12%        N/A       100%        2
 Gell's Gravitas          Tloc           6%         N/A       100%        3
 Lesser Beckoning         Tloc           6%         N/A       100%        3
 Teleport Other           Tloc           6%         N/A       100%        3
 Manifold Assault         Tloc           6%         N/A       100%        5

Inventory:

Hand Weapons
 c - a +0 morningstar
 Y - a +0 war axe (weapon)
Armour
 g - a +0 chain mail (worn)
Jewellery
 d - a +4 ring of dexterity (left hand)
Scrolls
 a - 5 scrolls of teleportation
 b - 3 scrolls of identify
Potions
 k - a potion of mutation

Dungeon Overview and Level Annotations

Branches:
Dungeon (4/15)             Temple (0/1) D:4

Altars:
Hepliaklqana
Makhleb
Trog
Xom

Shops:
D:2 =   D:4 =


Message History

The orc wizard casts a spell.
The orc wizard flickers and vanishes!
Deactivating autopickup; reactivate with Ctrl-A.
You barely miss something. Your peck misses something.
You feel very sick. Something hits you.
You hit something but do no damage. Your kick misses something.
You feel very sick. Something hits you.
You are lethally poisoned!
4100 ||| DRINKING 2 potions of curing.
You feel better.
4100 ||| (to cure poison)
Something hits you.
You are poisoned.
You barely miss something. Your kick misses something.
You feel sick. Something hits you.
You miss something. Your kick misses something.
You feel sick.
You hear some strange, mumbled words.
Something tries to affect you, but you resist.
You barely miss something. You punch something.
You feel sick. Something hits you.
You are lethally poisoned!
4104 ||| DRINKING potion of curing.
You feel better.
4104 ||| (to cure poison)
Something hits you.
You are poisoned.
You slash something! Your kick misses something. You peck something.
You feel sick. Something hits you.
You are lethally poisoned!
Something hits you but does no damage.
You are more poisoned.
You miss something.
You feel extremely sick. Something hits you but does no damage.
You are more poisoned.
You closely miss something. Your kick misses something.
You feel very sick. Something hits you.
You die...

#.#######.# ##
#......##.# #
###.##.#.##.#
#.........#.#
#.###'###...#
#.# #.# #...#
#.###.###...#
##.'.._###.###
#.@###.###.#
#.{# #.# #.#
#..###+###.#
#[.........#
#.........##
####....###
##..##
#.o########
#..(%......


There were no monsters in sight!

Vanquished Creatures
  Sigmund (D:2)
  An orc priest (D:4)
  3 adders
  A worm (D:2)
  A dart slug (D:4)
  6 orcs
  2 bats (D:2)
  5 endoplasms
  6 giant cockroaches
  5 goblins
  11 hobgoblins
  6 kobolds
  7 quokkas
  5 ball pythons
  5 frilled lizards
  12 rats
77 creatures vanquished.

Notes
Turn   | Place    | Note
-------+----------+-------------------------------------------
     0 | D:1      | qw the Tengu Warper began the quest for the Orb.
     0 | D:1      | Reached XP level 1. HP: 12/12 MP: 4/4
     0 | D:1      | 0 ||| qw: Version: 0.1-a-89-g26bdef1
     0 | D:1      | 0 ||| qw: Game counter: 1747
     0 | D:1      | 0 ||| qw: Always use a shield: true
     0 | D:1      | 0 ||| qw: God list: Okawaru
     0 | D:1      | 0 ||| qw: Allow faded altars: false
     0 | D:1      | 0 ||| qw: Do Orc after D:15 true
     0 | D:1      | 0 ||| qw: Do second Lair branch before Depths: true
     0 | D:1      | 0 ||| qw: Lair rune preference: random
     0 | D:1      | 0 ||| qw: Plans: Normal
     0 | D:1      | 0 ||| PLANNING D:1-11
   176 | D:1      | Found a faded altar of an unknown god.
   254 | D:1      | Reached skill level 3 in Axes
   254 | D:1      | Reached XP level 2. HP: 17/17 MP: 6/6
   382 | D:1      | 382 ||| SWAPPING to +0 war axe.
   405 | D:1      | 405 ||| Stepping ~*~*~tactically~*~*~ (stealth).
   420 | D:1      | 420 ||| Stepping ~*~*~tactically~*~*~ (stealth).
   444 | D:1      | 444 ||| DROPPING +0 hand axe.
   471 | D:1      | 471 ||| Stepping ~*~*~tactically~*~*~ (stealth).
   474 | D:1      | 474 ||| Stepping ~*~*~tactically~*~*~ (stealth).
   479 | D:1      | 479 ||| Stepping ~*~*~tactically~*~*~ (stealth).
   625 | D:1      | 625 ||| Stepping ~*~*~tactically~*~*~ (stealth).
   785 | D:1      | Reached XP level 3. HP: 21/21 MP: 7/7
  1047 | D:1      | 1047 ||| UPGRADING to +0 ring mail.
  1057 | D:1      | 1057 ||| DROPPING +0 leather armour.
  1058 | D:1      | 1058 ||| DROPPING ring of wizardry.
  1059 | D:1      | 1059 ||| READING scroll labelled PAPLIR HEXZU.
  1060 | D:1      | 1060 ||| READING scroll labelled OFFYIN FOMMUW.
  1061 | D:1      | 1061 ||| DROPPING scroll of blinking.
  1161 | D:2      | Noticed Sigmund
  1167 | D:2      | HP: 3/21 [Sigmund/puff of flame (6)]
  1169 | D:2      | Killed Sigmund
  1170 | D:2      | Reached skill level 6 in Axes
  1170 | D:2      | Reached XP level 4. HP: 4/26 MP: 8/8
  1170 | D:2      | Gained mutation: Your magical nature lets you fly swiftly
                  | and evasively. [Tengu growth]
  1170 | D:2      | Reached XP level 5. HP: 5/30 MP: 9/9
  1456 | D:2      | 1456 ||| DROPPING +0 club.
  1506 | D:2      | 1506 ||| Stepping ~*~*~tactically~*~*~ (stealth).
  1508 | D:2      | 1508 ||| Stepping ~*~*~tactically~*~*~ (stealth).
  1532 | D:2      | 1532 ||| FLEEEEING.
  1533 | D:2      | 1533 ||| FLEEEEING.
  1534 | D:2      | 1534 ||| FLEEEEING.
  1537 | D:2      | 1537 ||| FLEEEEING.
  1538 | D:2      | 1538 ||| FLEEEEING.
  1539 | D:2      | 1539 ||| FLEEEEING.
  1540 | D:2      | 1540 ||| FLEEEEING.
  1541 | D:2      | 1541 ||| FLEEEEING.
  1542 | D:2      | 1542 ||| FLEEEEING.
  1543 | D:2      | 1543 ||| FLEEEEING.
  1544 | D:2      | 1544 ||| FLEEEEING.
  1602 | D:2      | Found Ygiunn's Jewellery Emporium.
  1608 | D:2      | 1608 ||| SHOPLISTING +6 ring of dexterity (432 gold, have
                  | 78).
  1608 | D:2      | 1608 ||| SHOPLISTING amulet of guardian spirit (360 gold,
                  | have 78).
  1608 | D:2      | 1608 ||| SHOPLISTING amulet of regeneration (360 gold, have
                  | 78).
  1608 | D:2      | 1608 ||| SHOPLISTING ring of resist corrosion (240 gold,
                  | have 78).
  1608 | D:2      | 1608 ||| SHOPLISTING ring of willpower (300 gold, have 78).
  1687 | D:2      | 1687 ||| Stepping ~*~*~tactically~*~*~ (stealth).
  1688 | D:2      | 1688 ||| Stepping ~*~*~tactically~*~*~ (stealth).
  2261 | D:2      | 2261 ||| UPGRADING to +0 scale mail.
  2271 | D:2      | 2271 ||| DROPPING +0 ring mail.
  2272 | D:2      | 2272 ||| DROPPING amulet of magic regeneration.
  2273 | D:2      | 2273 ||| READING 3 scrolls labelled PUTILYWKYB.
  2278 | D:2      | 2278 ||| READING scroll labelled KYMISA VEOSCHO.
  2279 | D:2      | 2279 ||| DRINKING 2 fizzy yellow potions.
  2280 | D:2      | 2280 ||| DRINKING 2 green potions.
  2280 | D:2      | Gained mutation: You are partially covered in iridescent
                  | scales. (AC +2) [potion of mutation]
  2280 | D:2      | Gained mutation: You are somewhat resistant to further
                  | mutation. [potion of mutation]
  2281 | D:2      | 2281 ||| READING 2 scrolls of identify.
  2281 | D:2      | 2281 ||| IDENTIFYING bubbling green potion
  2282 | D:2      | 2282 ||| DROPPING potion of attraction.
  2299 | D:3      | Found a hazy altar of Hepliaklqana.
  2420 | D:3      | Found a bloodstained altar of Trog.
  2485 | D:3      | Found a burning altar of Makhleb.
  2591 | D:3      | 2591 ||| Stepping ~*~*~tactically~*~*~ (stealth).
  2653 | D:3      | Reached XP level 6. HP: 35/35 MP: 10/10
  2944 | D:3      | 2944 ||| UPGRADING to +0 chain mail.
  2954 | D:3      | 2954 ||| DROPPING +0 scale mail.
  2955 | D:3      | 2955 ||| READING 3 scrolls labelled GENOATERURPH.
  2956 | D:3      | 2956 ||| READING 3 scrolls labelled KOWOWU YLUS.
  2957 | D:3      | 2957 ||| DRINKING 3 glowing pink potions.
  2958 | D:3      | 2958 ||| READING 2 scrolls of identify.
  2958 | D:3      | 2958 ||| IDENTIFYING murky emerald potion
  2959 | D:3      | 2959 ||| DROPPING 2 potions of magic.
  2960 | D:3      | 2960 ||| DROPPING 2 scrolls of amnesia.
  2961 | D:3      | 2961 ||| DROPPING 2 scrolls of vulnerability.
  3212 | D:4      | HP: 8/35 [orc priest/divine providence (12)]
  3213 | D:4      | 3213 ||| READING 5 scrolls of teleportation.
  3214 | D:4      | 3214 ||| DRINKING potion of heal wounds.
  3219 | D:4      | HP: 7/35 [poisoned by an orc wizard]
  3224 | D:4      | HP: 3/35 [poisoned by an orc wizard]
  3319 | D:4      | 3319 ||| Invisible monster not found???
  3531 | D:4      | Found Gocygh's One-of-a-Kind Rings.
  3540 | D:4      | 3540 ||| BUYING +4 ring of dexterity (165 gold).
  3540 | D:4      | Bought a +4 ring of dexterity for 165 gold pieces
  3540 | D:4      | 3540 ||| SHOPLISTING +8 ring of strength (605 gold, have
                  | 51).
  3540 | D:4      | 3540 ||| SHOPLISTING +9 ring of dexterity (858 gold, have
                  | 51).
  3540 | D:4      | 3540 ||| SHOPLISTING ring of Letekan {rC++ Will+ Int+6}
                  | (727 gold, have 51).
  3540 | D:4      | 3540 ||| SHOPLISTING ring of Neulah {rCorr Stlth+} (327
                  | gold, have 51).
  3540 | D:4      | 3540 ||| SHOPLISTING ring of the Final Decision {rElec
                  | rCorr Stlth+} (404 gold, have 51).
  3692 | D:4      | 3692 ||| Stepping ~*~*~tactically~*~*~ (stealth).
  3885 | D:4      | Found a staircase to the Ecumenical Temple.
  3886 | D:4      | 3886 ||| PLANNING TEMPLE
  3886 | D:4      | 3886 ||| UPGRADING to +4 ring of dexterity.
  3887 | D:4      | 3887 ||| READING scroll labelled SITROQ GIESSUH.
  3888 | D:4      | 3888 ||| DRINKING 3 emerald potions.
  3889 | D:4      | 3889 ||| DROPPING 2 potions of degeneration.
  3917 | D:4      | 3917 ||| Stepping ~*~*~tactically~*~*~ (hiding).
  4040 | D:4      | Found a shimmering altar of Xom.
  4086 | D:4      | 4086 ||| Stepping ~*~*~tactically~*~*~ (stealth).
  4088 | D:4      | 4088 ||| Stepping ~*~*~tactically~*~*~ (hiding).
  4091 | D:4      | 4091 ||| Stepping ~*~*~tactically~*~*~ (hiding).
  4093 | D:4      | 4093 ||| Stepping ~*~*~tactically~*~*~ (hiding).
  4100 | D:4      | 4100 ||| DRINKING 2 potions of curing.
  4100 | D:4      | 4100 ||| (to cure poison)
  4104 | D:4      | 4104 ||| DRINKING potion of curing.
  4104 | D:4      | 4104 ||| (to cure poison)
  4106 | D:4      | HP: 7/35 [poisoned by an orc wizard]
  4107 | D:4      | HP: 1/35 [poisoned by an orc wizard]
  4107 | D:4      | Slain by an orc wizard

Levels and vault maps discovered:
D:1:      lemuel_arrival_cross, layout_basic, hellmonk_ecumenical_altar_run_dry,
          minivault_4, minmay_worlds_worst_comb
D:2:      layout_basic, serial_shops, nicolae_shop_stone, serial_bayou_pond_e,
          minmay_pentomino_pile, uniq_sigmund
D:3:      layout_basic, lightli_temple_of_fire, trog_butcher_becter,
          mainiacjoe_overflow_tiny_flanked, kennysheep_generic_room_4
D:4:      layout_loops_ring, lemuel_doored_altar, lemuel_coloured_pillars_altar,
          minmay_temple_entry_statues, nicolae_shop_unique_rings

Skill      XL: |  1  2  3  4  5  6 |
---------------+-------------------+-----
Axes           | 3 6 |  6.9
Armour         | 2 |  2.2
Fighting       | |  2.0
Throwing       | |  1.0
Dodging        | |  2.1
Spellcasting   | |  2.0
Translocations | |  2.4

Action                   |  1- 3 |  4- 6 || total
-------------------------+-------+-------++-------
Melee: Hand axe          |    17 |       ||    17
       Kick              |     8 |    23 ||    31
       Peck              |     7 |    17 ||    24
       War axe           |    29 |   121 ||   150
       Punch             |       |     2 ||     2
Throw: Boomerang         |     7 |       ||     7
       Javelin           |       |    28 ||    28
  Use: Scroll            |     2 |     8 ||    10
       Potion            |       |     7 ||     7
Armor: Leather armour    |     7 |       ||     7
       Ring mail         |     1 |    11 ||    12
       Scale mail        |       |     9 ||     9
       Chain mail        |       |    33 ||    33
Dodge: Dodged            |    19 |    43 ||    62

Table legend:
 A = Non-vault XP
 B = Vault XP
 C = Vault XP percentage of total XP
 D = Non-vault monster count
 E = Vault monster count
 F = Vault count percentage of total count
                 A         B        C        D         E       F
            +---------+---------+-------+---------+---------+-------
      Total |     191 |     255 |  57.2 |      65 |      12 |  15.6
            +---------+---------+-------+---------+---------+-------
        D:1 |      30 |       4 |  11.8 |      19 |       2 |   9.5
        D:2 |      16 |     242 |  93.8 |      11 |       5 |  31.2
        D:3 |      37 |       9 |  19.6 |      15 |       5 |  25.0
        D:4 |     108 |       0 |   0.0 |      20 |       0 |   0.0
            +---------+---------+-------+---------+---------+-------
